 Dungeon Crawl Stone Soup version 0.26-a0-690-gcb57259078 (webtiles) character file.

Game seed: 11263092397682926564

2016 lunkers the Cleaver (level 9, -4/62 HPs)
             Began as an Octopode Fighter on Oct 23, 2020.
             Was a Believer of Nemelex Xobeh.
             Killed from afar by an orc wizard (7 damage)
             ... with a magic dart
             ... on level 6 of the Dungeon.
             The game lasted 00:10:58 (7831 turns).

lunkers the Cleaver (Octopode Fighter)              Turns: 7831, Time: 00:10:58

Health: -4/62      AC:  1    Str: 15    XL:     9   Next: 23%
Magic:  12/12      EV: 22    Int: 11    God:    Nemelex Xobeh [**....]
Gold:   250        SH:  5    Dex: 14    Spells: 8/8 levels left

rFire    . . .     SeeInvis .   a - +0 war axe
rCold    . . .     Faith    .   z - +0 buckler
rNeg     . . .     Spirit   .   (helmet restricted)
rPois    .         Reflect  .   (no amulet)
rElec    .         Harm     .   f - +4 ring of evasion
rCorr    .         Rampage  .   t - +4 ring of evasion
MR       .....                  (no ring)
Stlth    ++........             (no ring)
HPRegen  0.20/turn              (no ring)
MPRegen  0.13/turn              (no ring)
                                (no ring)
                                (no ring)

@: no status effects
A: almost no armour, stealthy swim, amphibious, 8 rings, constrict 8, camouflage
1, gelatinous body 1
a: Draw Escape, Draw Destruction, Draw Summoning, Renounce Religion


You were on level 6 of the Dungeon.
You worshipped Nemelex Xobeh.
Nemelex Xobeh was pleased with you.
You visited 1 branch of the dungeon, and saw 6 of its levels.
You also visited: Sewer.

You collected 250 gold pieces.

Inventory:

Hand Weapons
 a - a +0 war axe (weapon)
Armour
 b - a +0 kite shield
 z - a +0 buckler (worn)
Jewellery
 f - a +4 ring of evasion (left tentacle)
 m - an uncursed ring of ice
 t - a +4 ring of evasion (right tentacle)
 y - an uncursed amulet of faith {unknown}
Scrolls
 d - 3 scrolls of identify {unknown}
 e - 3 scrolls of fear {unknown}
 g - 4 scrolls of teleportation {unknown}
 i - 3 scrolls of blinking {unknown}
 k - 6 scrolls of magic mapping {unknown}
 n - 5 scrolls of remove curse {unknown}
 p - 2 scrolls of fog {unknown}
 u - a scroll of enchant weapon {unknown}
 v - a scroll of enchant armour {unknown}
 x - 2 scrolls of random uselessness {unknown}
Potions
 c - 5 potions of might
 h - 2 potions of lignification {unknown}
 j - 3 potions of mutation {unknown}
 l - 3 potions of haste {unknown}
 o - 2 potions of curing
 q - 2 potions of heal wounds {unknown}
 r - a potion of magic
 s - a potion of cancellation {unknown}
 w - a potion of resistance


   Skills:
 + Level 6.2 Fighting
 * Level 8.1 Axes
 - Level 3.0 Dodging
 + Level 6.4 Shields
 + Level 4.0 Invocations


You had 8 spell levels left.
You didn't know any spells.
Your spell library contained the following spells:

 Spells                   Type           Power        Failure   Level
 Shock                    Conj/Air       #...         34%         1
 Swiftness                Air            #.......     47%         2
 Static Discharge         Conj/Air       #.......     71%         3
 Airstrike                Air            #.........   98%         4
 Lightning Bolt           Conj/Air       #.........   100%        5


Dungeon Overview and Level Annotations

Branches:
Dungeon (6/15)             Temple (0/1) D:4           Sewer (visited)

Altars:
Fedhas
Gozag
Kikubaaqudgha
Nemelex Xobeh
Qazlal
Uskayaw
Wu Jian
Yredelemnul
The Shining One

Shops:
D:4 ?


Innate Abilities, Weirdness & Mutations

You cannot wear most types of armour.
You are very stealthy in the water. (Stealth+)
You are amphibious.
You can wear up to eight rings at the same time.
You can use your tentacles to constrict eight enemies at once.
Your skin changes colour to match your surroundings (Stealth+).
Your rubbery body absorbs attacks. (AC +1, EV +1)


Message History

The sky beast flickers out of sight!
Deactivating autopickup; reactivate with Ctrl-A.
The orc wizard mumbles some strange words.
The orc wizard blinks!
The orc wizard points at you and mumbles some strange words.
The puff of flame hits you!
* * * LOW HITPOINT WARNING * * *
The orc wizard casts a spell at you. The magic dart hits you!
* * * LOW HITPOINT WARNING * * *
The orc wizard casts a spell at you. The puff of frost misses you.
You feel sick.
You are no longer poisoned.
The orc wizard gestures wildly while chanting.
The orc wizard blinks!
The orc wizard casts a spell at you. The magic dart hits you!
You die...
Your body disappears without a glow.

##............#
...............## #.
.........#.....##..# .#...
........#..)....... ......
#...#............##
...o.#####...#............#
.##....O##.....####........##
....##o....#.<.###...#.......
...........##@.#.....#.#..####
..........oo........#####.#
......o)............# .#
...o..o)..#.....#....... #
.......)..##....#....###
............ยง........#
...####................ ##
##............####
####.#......##


You could see an orc warrior, 2 orc wizards and an orc.

Vanquished Creatures
  A troll (D:5)
  Edmund (D:5)
  An ice beast (D:5)
  A phantom (D:4)
  An ogre (D:4)
  Blork the orc (D:5)
  A gnoll sergeant (D:5)
  2 bullfrogs (Sewer)
  A scorpion (D:4)
  3 hounds
  A bullfrog zombie (D:5)
  6 orc priests
  A bullfrog skeleton (D:5)
  A gnoll shaman (D:5)
  5 orc wizards
  2 iguanas
  A worker ant (D:4)
  A hound skeleton (D:4)
  Robin (D:4)
  A worker ant zombie (D:5)
  7 gnolls
  6 river rats (Sewer)
  18 adders
  2 white imps
  An ooze (D:2)
  2 worms
  2 dart slugs (D:1)
  5 leopard geckos
  26 orcs
  13 ball pythons
  2 giant cockroaches
  13 goblins
  16 hobgoblins
  11 jackals
  6 kobolds
  2 quokkas
  8 bats
  2 frilled lizards
  A jackal skeleton (D:4)
  A quokka skeleton (D:4)
  24 rats
  A spectral orc (D:5)
202 creatures vanquished.

Vanquished Creatures (collateral kills)
  Grinder (D:5)
  A howler monkey (D:5)
  A frilled lizard (D:5)
3 creatures vanquished.

Vanquished Creatures (others)
  8 plants (D:2)
8 creatures vanquished.

Grand Total: 213 creatures vanquished

Notes
Turn   | Place    | Note
-------+----------+-------------------------------------------
     0 | D:1      | lunkers the Octopode Fighter began the quest for the Orb.
     0 | D:1      | Reached XP level 1. HP: 16/16 MP: 1/1
   184 | D:1      | Reached XP level 2. HP: 20/21 MP: 2/2
   579 | D:1      | Reached XP level 3. HP: 20/26 MP: 3/3
   889 | D:2      | Found a hide-covered altar of Uskayaw.
   889 | D:2      | Noticed a +0 hand axe
   889 | D:2      | Noticed a +0 hand axe
   985 | D:2      | Reached skill level 3 in Axes
  1161 | D:2      | Reached XP level 4. HP: 9/31 MP: 4/4
  1177 | D:2      | HP: 1/31 [poisoned by an adder]
  1555 | D:2      | Found an ornate altar of the Wu Jian Council.
  1799 | D:2      | Found a faded altar of an unknown god.
  2115 | D:2      | Found an ancient bone altar of Kikubaaqudgha.
  2115 | D:2      | Found a sparkling altar of Nemelex Xobeh.
  2176 | D:2      | Became a worshipper of Nemelex Xobeh the Trickster
  2542 | D:3      | Found a glowing drain.
  2551 | D:3      | Reached XP level 5. HP: 31/37 MP: 5/5
  2555 | D:3      | Reached skill level 4 in Axes
  2661 | Sewer    | Entered a sewer
  2808 | Sewer    | Reached XP level 6. HP: 36/43 MP: 6/6
  3590 | Sewer    | Reached skill level 5 in Axes
  3595 | Sewer    | Reached XP level 7. HP: 7/49 MP: 7/7
  3595 | Sewer    | HP: 2/49 [ball python (1)]
  4539 | D:4      | Reached * piety under Nemelex Xobeh
  4541 | D:4      | Found a stormy altar of Qazlal.
  4572 | D:4      | Noticed Robin
  4582 | D:4      | Killed Robin
  4637 | D:4      | Reached skill level 5 in Shields
  4899 | D:4      | Found a staircase to the Ecumenical Temple.
  5019 | D:4      | Received a gift from Nemelex Xobeh
  5059 | D:4      | Reached skill level 6 in Axes
  5059 | D:4      | Reached skill level 5 in Fighting
  5059 | D:4      | Reached skill level 1 in Invocations
  5172 | D:4      | Found Wosuyliq's Magic Scroll Boutique.
  5182 | D:4      | Found a blossoming altar of Fedhas.
  5249 | D:4      | Reached XP level 8. HP: 8/55 MP: 7/9
  5921 | D:5      | Entered Level 5 of the Dungeon
  5921 | D:5      | Noticed Grinder
  5926 | D:5      | Killed Grinder
  5933 | D:5      | Noticed a troll
  5935 | D:5      | Noticed Edmund
  5943 | D:5      | Killed Edmund
  5945 | D:5      | Killed a troll
  5945 | D:5      | Reached skill level 7 in Axes
  6567 | D:5      | Reached XP level 9. HP: 8/62 MP: 11/11
  6603 | D:5      | Noticed Blork the orc
  6875 | D:5      | Killed Blork the orc
  7137 | D:5      | Reached ** piety under Nemelex Xobeh
  7214 | D:5      | Found a basalt altar of Yredelemnul.
  7343 | D:5      | Reached skill level 8 in Axes
  7679 | D:5      | Found a glowing golden altar of the Shining One.
  7694 | D:5      | Found an opulent altar of Gozag.
  7831 | D:6      | HP: 3/62 [poisoned by an adder]
  7831 | D:6      | Killed from afar by an orc wizard

Illustrated notes

Levels and vault maps discovered:
D:1:      dpeg_arrival_morbid_curiosity, layout_rooms, serial_rivers,
          chequers_serial_rivers_large_a, chequers_serial_rivers_marsh,
          chequers_serial_rivers_micro_e, chequers_serial_rivers_micro_b,
          chequers_serial_rivers_micro_c, chequers_serial_rivers_micro_e,
          patterned_corridor
D:2:      layout_loops_ring, old_standard_altar, dancing_weapons_uskayaw,
          gammafunk_temple_overflow_pools, chequers_ecumenical_altar_lobes,
          serial_forest, infiniplex_forest_lined_corner,
          infiniplex_forest_clump_small, infiniplex_forest_clump_C,
          infiniplex_forest_lined_corner, infiniplex_forest_clump_diagonal,
          infiniplex_forest_lined_ring, infiniplex_forest_clump_small
D:3:      layout_basic, gup_sewer_entry_glass
D:4:      layout_basic, kennysheep_mini_moat, minmay_temple_entry_glass,
          serial_shops, nicolae_shop_window_shopping, grunt_qazlal_clouds,
          uniq_robin
D:5:      layout_cave_pools, yredelemnul_forgotten_temple_becter, minitemple,
          grunt_ministairs_9, uniq_blork_the_orc, uniq_grinder, uniq_edmund
D:6:      layout_cave_pools, minivault_5

Skill      XL: |  1  2  3  4  5  6  7  8  9 |
---------------+----------------------------+-----
Axes           | 3 4 5 6 7 8 |  8.1
Shields        | 4 5 6 |  6.4
Fighting       | 4 5 6 |  6.2
Invocations    | 1 3 4 |  4.0
Dodging        | |  3.0

Action                   |  1- 3 |  4- 6 |  7- 9 || total
-------------------------+-------+-------+-------++-------
Melee: War axe           |    58 |   108 |   195 ||   361
       Constrict         |    18 |    24 |    41 ||    83
       Tentacles         |    12 |    17 |    40 ||    69
Invok: Draw Destruction  |       |       |     7 ||     7
       Draw Summoning    |       |       |     1 ||     1
  Use: Potion            |       |     4 |     1 ||     5
 Stab: Sleeping          |     6 |     7 |     6 ||    19
       Distracted        |       |       |     2 ||     2
Armor: Skin              |     6 |    13 |     2 ||    21
Dodge: Dodged            |    36 |   122 |   137 ||   295
Block: Kite shield       |    40 |    85 |    97 ||   222
       Buckler           |       |       |     3 ||     3

Table legend: (Time is in decaauts)
 A = Elapsed time spent in this place.
 B = Non-inter-level travel time spent in this place.
 C = Inter-level travel time spent in this place.
 D = Time resting spent in this place.
 E = Time spent auto-exploring this place.
 F = Levels seen in this place.
 G = Mean time per level.
                   A        B        C        D        E       F      G
               +--------+--------+--------+--------+--------+-----+--------+
         Total |   7944 |   7796 |    148 |   1051 |   5657 |   7 | 1134.9 |
       Dungeon |   6694 |   6546 |    148 |    928 |   4686 |   6 | 1115.7 |
         Sewer |   1250 |   1250 |      0 |    123 |    971 |   1 | 1250.0 |
               +--------+--------+--------+--------+--------+-----+--------+

Top non-repeatable levels by time:
     D:4: 2232 daAuts
     D:2: 1346 daAuts
   Sewer: 1250 daAuts
     D:3: 1111 daAuts
     D:5: 984 daAuts
     D:1: 902 daAuts
     D:6: 116 daAuts
